 Dungeon Crawl Stone Soup version 0.31-a0-145-g046c7d2549 (console) character file.

Game seed: 18019524519093057783

0 Ignak the Ogre Mage (level 1, 0/16 HPs)
             Began as an Ogre Hedge Wizard on June 5, 2023.
             Slain by an adder (2 damage)
             ... on level 2 of the Dungeon.
             The game lasted 00:00:55 (149 turns).

Ignak the Ogre Mage (Ogre Hedge Wizard)              Turns: 149, Time: 00:00:56

Health: 0/16       AC:  3    Str: 13    XL:     1   Next: 10%
Magic:  0/5        EV:  9    Int: 15    God:
Gold:   33         SH:  0    Dex:  8    Spells: 6/7 levels left

rFire   . . .        (no weapon)
rCold   . . .        (no shield)
rNeg    . . .        b - +0 robe
rPois   .            c - +0 hat
rElec   .            (no cloak)
rCorr   .            (gloves unavailable)
SInv    .            (boots unavailable)
Will    .....        (no amulet)
Stlth   +            (no ring)
HPRegen 0.22/turn    (no ring)
MPRegen 0.09/turn

%: no passive effects
@: no status effects
A: large, unfitting armour, tough skin 1
a: no special abilities


You were on level 2 of the Dungeon.
You visited 1 branch of the dungeon, and saw 2 of its levels.

You collected 33 gold pieces.

Inventory:

Armour
 b - a +0 robe (worn)
 c - a +0 hat (worn)
Scrolls
 e - a scroll of magic mapping {unknown}
Potions
 d - 2 potions of magic
 f - 3 potions of degeneration {unknown}


   Skills:
 + Level 0.0 Fighting
 + Level 1.7 Dodging
 - Level 1.4 Stealth
 + Level 0.0 Unarmed Combat
 + Level 3.6 Spellcasting
 + Level 0.8 Conjurations
 - Level 0.8 Summonings
 + Level 0.8 Translocations


You had 6 spell levels left.
You knew the following spells:

 Your Spells              Type           Power      Damage    Failure   Level
a - Magic Dart            Conj           20%        1d4       13%         1

Your spell library contained the following spells:

 Spells                   Type           Power      Damage    Failure   Level
 Slow                     Hex            8%         N/A       19%         1
 Blink                    Tloc           10%        N/A       21%         2
 Call Imp                 Summ           10%        N/A       21%         2
 Cigotuvi's Dreadful Rot  Necr/Pois/Air  4%         N/A       28%         2
 Mephitic Cloud           Conj/Pois/Air  3%         N/A       45%         3


Dungeon Overview and Level Annotations

Branches:
Dungeon (2/15)

Altars:


Innate Abilities, Weirdness & Mutations

You are too large for most types of armour.
You have tough skin. (AC +1)


Message History

An adder comes into view.
The adder hisses angrily.
The adder bites you. The worm bites you!
Ouch! That really hurt!
The adder barely misses you.
Casting: Magic Dart (safe; 13% risk of failure)
Confirm with . or Enter, or press ? or * to list all spells.
Aiming: Magic Dart (safe; 13% risk of failure)
Press: ? - help, Shift-Dir - straight line, f/p - worm
Aim: a worm (100% to hit)
The magic dart hits the adder.
The adder is lightly wounded.
The adder barely misses you.
Casting: Magic Dart (safe; 13% risk of failure)
Confirm with . or Enter, or press ? or * to list all spells.
Aiming: Magic Dart (safe; 13% risk of failure)
Press: ? - help, Shift-Dir - straight line, f/p - worm
Aim: a worm (100% to hit)
The magic dart hits the adder.
The adder is heavily wounded.
The adder bites you.
Unknown command.
Casting: Magic Dart (safe; 13% risk of failure)
Confirm with . or Enter, or press ? or * to list all spells.
Aiming: Magic Dart (safe; 13% risk of failure)
Press: ? - help, Shift-Dir - straight line, f/p - worm
Aim: a worm (100% to hit)
The magic dart hits the adder.
The adder is heavily wounded.
The adder bites you but does no damage. The adder bites you.
* * * LOW HITPOINT WARNING * * *
You barely miss the adder.
The adder is heavily wounded.
The adder bites you.
* * * LOW HITPOINT WARNING * * *
You closely miss the adder.
The adder is heavily wounded.
The adder bites you.
You die...

.............#
.............#
............#
##.........#
#.........#
#!....##
####..w# #.#S#
#.#@# #.#.#
#..†# #.).#
#...# #...#
##.####...#
........#.#
##....#...#


You could see a worm and an adder.

Vanquished Creatures
  A frilled lizard (D:2)
1 creature vanquished.

Notes
Turn   | Place    | Note
-------+----------+-------------------------------------------
     0 | D:1      | Ignak the Ogre Hedge Wizard began the quest for the Orb.
     0 | D:1      | Reached XP level 1. HP: 16/16 MP: 5/5
   149 | D:2      | Slain by an adder

Illustrated notes

Levels and vault maps discovered:
D:1:      lightli_arrival_chessboard, layout_rooms, minmay_unequal
D:2:      layout_rooms, basic_altar

Action                     || total
---------------------------++-------
  Melee: Unarmed           ||     5
         Dagger            ||     3
   Cast: Magic Dart        ||     9
 Armour: Robe              ||    11
  Dodge: Dodged            ||    15

Table legend: (Time is in decaauts)
 A = Elapsed time spent in this place.
 B = Non-inter-level travel time spent in this place.
 C = Inter-level travel time spent in this place.
 D = Time resting spent in this place.
 E = Time spent auto-exploring this place.
 F = Levels seen in this place.
 G = Mean time per level.
                   A        B        C        D        E       F      G
               +--------+--------+--------+--------+--------+-----+--------+
         Total |    148 |    148 |      0 |      0 |     58 |   2 |   74.0 |
       Dungeon |    148 |    148 |      0 |      0 |     58 |   2 |   74.0 |
               +--------+--------+--------+--------+--------+-----+--------+

Top non-repeatable levels by time:
     D:1: 87 daAuts
     D:2: 61 daAuts
